Workbook
Name Empresa_fornec: [1]FORNECEDORES!$A$4:$A$668
Name Fornecedores: [1]FORNECEDORES!$A$4:$D$668
Name ITENS: [2]PUC!$B$9:$E$560
Name PASCIM: 'III - INSTALAÇÃO ELETRICA'!#REF!

Sheet CRONOGRAMA
A1: CRONOGRAMA FÍSICO - FINANCEIRO
A3: MUNICÍPIO: MOSTARDAS | D3: OBRA | E3: IMPLANTAÇÃO DE SISTEMA DE ESGOTO SANITÁRIO | P3: 12
A5: ITEM | B5: DESCRIÇÃO DOS SERVIÇOS | C5: PERÍODO DE EXECUÇÃO ( MESES )
C6: TOTAL | D6: 1 | E6: =IF(D6<$P$3,D6+1,"-") -> 2 | F6: =IF(E6<$P$3,E6+1,"-") -> 3 | G6: =IF(F6<$P$3,F6+1,"-") -> 4 | H6: =IF(G6<$P$3,G6+1,"-") -> 5 | I6: =IF(H6<$P$3,H6+1,"-") -> 6 | J6: =IF(I6<$P$3,I6+1,"-") -> 7 | K6: =IF(J6<$P$3,J6+1,"-") -> 8 | L6: =IF(K6<$P$3,K6+1,"-") -> 9 | ... O6: =IF(N6<$P$3,N6+1,"-") -> 12 | P6: =IF(#REF!<$P$3,#REF!+1,"-") -> #REF! | Q6: =IF(P6<$P$3,P6+1,"-") -> #REF! | R6: =IF(Q6<$P$3,Q6+1,"-") -> #REF! | S6: =IF(R6<$P$3,R6+1,"-") -> #REF! | T6: =IF(S6<$P$3,S6+1,"-") -> #REF! | U6: =IF(T6<$P$3,T6+1,"-") -> #REF!
B8: TOTAL ORÇAMENTO | C8: =C10 -> 0 | D8: =D10 -> 0 | E8: =E10 -> 0 | F8: =F10 -> 0 | G8: =G10 -> 0 | H8: =H10 -> 0 | I8: =I10 -> 0 | J8: =J10 -> 0 | ... O8: =O10 -> 0 | P8: =P10+#REF!+P12+#REF!+#REF!+#REF!+#REF!+#REF!+#REF! -> #REF! | Q8: =Q10+#REF!+Q12+#REF!+#REF!+#REF!+#REF!+#REF!+#REF! -> #REF! | R8: =R10+#REF!+R12+#REF!+#REF!+#REF!+#REF!+#REF!+#REF! -> #REF! | S8: =S10+#REF!+S12+#REF!+#REF!+#REF!+#REF!+#REF!+#REF! -> #REF! | T8: =T10+#REF!+T12+#REF!+#REF!+#REF!+#REF!+#REF!+#REF! -> #REF! | U8: =U10+#REF!+U12+#REF!+#REF!+#REF!+#REF!+#REF!+#REF! -> #REF!
A10: ='III - INSTALAÇÃO ELETRICA'!A6 -> I | B10: ='III - INSTALAÇÃO ELETRICA'!B6 -> INSTALAÇÃO ELÉTRICA | C10: ='III - INSTALAÇÃO ELETRICA'!I6 -> 0 | D10: =SUM(D11:D14) -> 0 | E10: =SUM(E11:E14) -> 0 | F10: =SUM(F11:F14) -> 0 | G10: =SUM(G11:G14) -> 0 | H10: =SUM(H11:H14) -> 0 | I10: =SUM(I11:I14) -> 0 | J10: =SUM(J11:J14) -> 0 | K10: =SUM(K11:K14) -> 0 | ... U10: =SUM(U11:U14) -> #REF!
A11: ='III - INSTALAÇÃO ELETRICA'!A7 -> I.1 | B11: ='III - INSTALAÇÃO ELETRICA'!B7 -> Instalação Medição - Mão de Obra e fornecimento de materiais cf projeto | C11: ='III - INSTALAÇÃO ELETRICA'!I7 -> 0 | M11: 0 | N11: 0 | O11: 0 | P11: =($C11-$D11)/7 -> 0 | Q11: =($C11-$D11)/7 -> 0 | R11: =($C11-$D11)/7 -> 0 | S11: =($C11-$D11)/7 -> 0 | T11: =($C11-$D11)/7 -> 0 | U11: =($C11-$D11)/7 -> 0
A12: ='III - INSTALAÇÃO ELETRICA'!A8 -> I.2 | B12: ='III - INSTALAÇÃO ELETRICA'!B8 -> Instalação Iluminação Externa Parque ETE - Mão de Obra e fornecimento de materiais cf projeto | C12: ='III - INSTALAÇÃO ELETRICA'!I8 -> 0 | M12: 0 | N12: 0 | O12: 0 | P12: =P13+#REF!+#REF!+#REF!+#REF!+#REF!+#REF!+#REF! -> #REF! | Q12: =Q13+#REF!+#REF!+#REF!+#REF!+#REF!+#REF!+#REF! -> #REF! | R12: =R13+#REF!+#REF!+#REF!+#REF!+#REF!+#REF!+#REF! -> #REF! | S12: =S13+#REF!+#REF!+#REF!+#REF!+#REF!+#REF!+#REF! -> #REF! | T12: =T13+#REF!+#REF!+#REF!+#REF!+#REF!+#REF!+#REF! -> #REF! | U12: =U13+#REF!+#REF!+#REF!+#REF!+#REF!+#REF!+#REF! -> #REF!
A13: ='III - INSTALAÇÃO ELETRICA'!A9 -> I.3 | B13: ='III - INSTALAÇÃO ELETRICA'!B9 -> Instalação Distribuição e Comando Parque ETE - Mão de Obra e fornecimento de materiais cf projeto | C13: ='III - INSTALAÇÃO ELETRICA'!I9 -> 0 | M13: 0 | N13: 0 | O13: 0 | P13: =SUM(P14:P14) -> 0 | Q13: =SUM(Q14:Q14) -> 0 | R13: =SUM(R14:R14) -> 0 | S13: =SUM(S14:S14) -> 0 | T13: =SUM(T14:T14) -> 0 | U13: =SUM(U14:U14) -> 0
A14: ='III - INSTALAÇÃO ELETRICA'!A10 -> I.4 | B14: ='III - INSTALAÇÃO ELETRICA'!B10 -> Instalação Rede Elétrica Externa ETE-BR-101 - Mão de Obra e fornecimento de materiais cf projeto | C14: ='III - INSTALAÇÃO ELETRICA'!I10 -> 0 | O14: 0

Sheet RESUMO
A1: PREFEITURA MUNICIPAL DE MOSTARDAS
A3: RESUMO D0 DEMONSTRATIVO CUSTO UNITÁRIO
A5: OBRA: IMPLANTAÇÃO DE SISTEMA DE ESGOTO SANITÁRIO
A7: CAPITULO | B7: DESCRIÇÃO DA ETAPA | D7: DIFERENÇA
C8: COM DESONERAÇÃO | D8: DESONERAÇÃO
A10: ='III - INSTALAÇÃO ELETRICA'!A7 -> I.1 | B10: ='III - INSTALAÇÃO ELETRICA'!B7 -> Instalação Medição - Mão de Obra e fornecimento de materiais cf projeto | C10: ='III - INSTALAÇÃO ELETRICA'!I7 -> 0 | D10: =C10-#REF! -> #REF! | E10: =D10/#REF!*100 -> #REF!
A11: ='III - INSTALAÇÃO ELETRICA'!A8 -> I.2 | B11: ='III - INSTALAÇÃO ELETRICA'!B8 -> Instalação Iluminação Externa Parque ETE - Mão de Obra e fornecimento de materiais cf projeto | C11: ='III - INSTALAÇÃO ELETRICA'!I8 -> 0 | D11: =C11-#REF! -> #REF! | E11: =D11/#REF!*100 -> #REF!
A12: ='III - INSTALAÇÃO ELETRICA'!A9 -> I.3 | B12: ='III - INSTALAÇÃO ELETRICA'!B9 -> Instalação Distribuição e Comando Parque ETE - Mão de Obra e fornecimento de materiais cf projeto | C12: ='III - INSTALAÇÃO ELETRICA'!I9 -> 0 | D12: =C12-#REF! -> #REF! | E12: =D12/#REF!*100 -> #REF!
A13: ='III - INSTALAÇÃO ELETRICA'!A10 -> I.4 | B13: ='III - INSTALAÇÃO ELETRICA'!B10 -> Instalação Rede Elétrica Externa ETE-BR-101 - Mão de Obra e fornecimento de materiais cf projeto | C13: ='III - INSTALAÇÃO ELETRICA'!I10 -> 0 | D13: =C13-#REF! -> #REF! | E13: =D13/#REF!*100 -> #REF!
A15: TOTAL | C15: =SUM(C10:C14) -> 0 | D15: =SUM(D10:D14) -> #REF! | E15: =SUM(E10:E14) -> #REF!

Sheet III - INSTALAÇÃO ELETRICA
A1: PREFEITURA MUNICIPAL DE MOSTARDAS
A2: DEMONSTRATIVO CUSTO UNITÁRIO - INSTALAÇÃO ELÉTRICA - OBRA IMPLANTAÇÃO SISTEMA ESGOTO SANITÁRIO
A4: ITEM | B4: DESCRIÇÃO | C4: UNID | D4: ORÇAMENTO REVISADO - COM DESONERAÇÃO
D5: QUANT | E5: COD SINAPI | F5: CUSTO UNITÁRIO | G5: BDI | H5: TOTAL S / BDI | I5: TOTAL C / BDI
A6: I | B6: INSTALAÇÃO ELÉTRICA | H6: =H7+H8+H9+H10 -> 0 | I6: =I7+I8+I9+I10 -> 0
A7: I.1 | B7: Instalação Medição - Mão de Obra e fornecimento de materiais cf projeto | C7: unid | D7: 1 | E7: ='[3]COMPOSIÇÃO PREÇOS'!$A$7 -> I.1 | G7: =BDI!$D$23 -> 0.26147063
A8: I.2 | B8: Instalação Iluminação Externa Parque ETE - Mão de Obra e fornecimento de materiais cf projeto | C8: unid | D8: 1 | E8: ='[3]COMPOSIÇÃO PREÇOS'!$A$36 -> I.2 | G8: =BDI!$D$23 -> 0.26147063 | H8: =D8*F8 -> 0 | I8: =H8*(1+G8) -> 0
A9: I.3 | B9: Instalação Distribuição e Comando Parque ETE - Mão de Obra e fornecimento de materiais cf projeto | C9: unid | D9: 1 | E9: ='[3]COMPOSIÇÃO PREÇOS'!$A$55 -> I.3 | G9: =BDI!$D$23 -> 0.26147063 | H9: =D9*F9 -> 0 | I9: =H9*(1+G9) -> 0
A10: I.4 | B10: Instalação Rede Elétrica Externa ETE-BR-101 - Mão de Obra e fornecimento de materiais cf projeto | C10: unid | D10: 1 | E10: ='[3]COMPOSIÇÃO PREÇOS'!$A$92 -> I.4 | G10: =BDI!$D$23 -> 0.26147063 | H10: =D10*F10 -> 0 | I10: =H10*(1+G10) -> 0

Sheet BDI
A1: DEMONSTRATIVO DO BDI
A2: COMPOSIÇÃO CUSTO BDI - AQUISIÇÃO DE MATERIAIS
A4: Em atenção ao estabelecido pelo Acórdão 2622/2013 – TCU – Plenário reformamos a orientação e indicamos a utilização dos seguintes parâmetros para taxas de BDI:
E20: OBSERVAÇÕES
E21: a) Os percentuais de Impostos a serem adotados devem ser indicados pelo Tomador, conforme legislação vigente.Para o ISS, deverão ser definidos pelo Tomador, através de declaração informativa, conforme legislação tributária municipal, a base de cálculo e, sobre esta, a respectiva alíquota do ISS, que será um percentual entre 2% e 5%.
A22: Parâmetro | B22: % | C22: Verificação | D22: CÁLCULO DO BDI
A23: Administração Central | B23: 0.0493 | C23: =IF(B23<0.0343,"FORA DO LIMITE",IF(B23>0.0671,"FORA DO LIMITE","OK")) -> OK | D23: =(((1+B23+B24+B25)*(1+B26)*(1+B27))/(1-(B28+B29))-1) -> 0.26147063
A24: Seguros e Garantias | B24: 0.0049 | C24: =IF(B24<0.0028,"FORA DO LIMITE",IF(B24>0.0075,"FORA DO LIMITE","OK")) -> OK | D24: CONDIÇÃO | E24: b) As tabelas acima foram construídas sem considerar a desoneração sobre a folha de pagamento prevista na Lei n° 12.844/2013. Para análise de orçamentos considerando a contribuição previdenciária sobre a receita bruta deverá ser somada a alíquota de 2% no item impostos.
A25: Riscos | B25: 0.0139 | C25: =IF(B25<0.01,"FORA DO LIMITE",IF(B25>0.0174,"FORA DO LIMITE","OK")) -> OK | D25: =IF(C23="FORA DO LIMITE","VERIFICAR ITENS",IF(C24="FORA DO LIMITE","VERIFICAR ITENS",IF(C25="FORA DO LIMITE","VERIFICAR ITENS",IF(C26="FORA DO LIMITE","VERIFICAR ITENS",IF(C27="FORA DO LIMITE","VERIFICAR ITENS",IF(C28="FORA DO LIMITE","VERIFICAR ITENS",IF(D23<0.2076,"FORA DA FAIXA",IF(D23>0.2644,"FORA DA FAIXA","OK")))))))) -> OK
A26: Despesas Financeiras | B26: 0.0099 | C26: =IF(B26<0.0094,"FORA DO LIMITE",IF(B26>0.0117,"FORA DO LIMITE","OK")) -> OK | D26: IMPOSTOS : PIS/PASEP = 3,0 %; CONFINS = 0,65%; ISS= 2,00% ; CPRB = 2,00% | E26: c) Para o tipo de obra “Construção de Redes de Abastecimento de Água, Coleta de Esgoto e Construções Correlatas” enquadram-se: a construção de sistemas para o abastecimento de água tratada: reservatórios de distribuição, estações elevatórias de bombeamento, linhas principais de adução de longa e média distância e redes de distribuição de água; a construção de redes de coleta de esgoto, inclusive de interceptores, estações de tratamento de esgoto (ETE), estações de bombeamento de esgoto (EBE); a construção de galerias pluviais (obras de micro e macro drenagem). Esta classe compreende também: as obras de irrigação (canais); a manutenção de redes de abastecimento de água tratada; a manutenção de redes de coleta e de sistemas de tratamento de esgoto, conforme classificação 4222-7 do CNAE 2.0. Enquadra-se ainda a construção de estações de tratamento de água (ETA).
A27: Lucro | B27: 0.08 | C27: =IF(B27<0.0674,"FORA DO LIMITE",IF(B27>0.094,"FORA DO LIMITE","OK")) -> OK
A28: Impostos: PIS e COFINS | B28: 0.0565 | C28: =IF(B29<0.02,"FORA DO LIMITE",IF(B29>0.05,"FORA DO LIMITE","OK")) -> OK
A29: Impostos: ISS (mun.) | B29: 0.02
